[Event "EYCC Girls U10 2018"]
[Site "Riga"]
[Date "2018.08.20"]
[Round "1"]
[White "Shvedova, Alexandra"]
[Black "Veverkova, Dorota"]
[Result "1-0"]
[ECO "D60"]
[WhiteElo "1758"]
[BlackElo "1243"]
[Annotator "NA"]
[PlyCount "85"]
[EventDate "2018.08.20"]
[EventType "swiss"]
[EventCountry "LAT"]
[SourceTitle "playchess.com"]
[Source "ChessBase"]
[SourceQuality "1"]
[TimeControl "40/5400+30:1800+30"]

1. d4 d5 2. c4 e6 3. Nc3 Nf6 4. Bg5 Be7 5. Nf3 O-O 6. e3 Nbd7 7. Bd3 c5 8. O-O dxc4 9. Bxc4 b6 10. d5 Nxd5 11. Bxd5 exd5 12. Qxd5 Rb8 13. Bf4 Bb7 14. Qd1 Rc8 15. Nd5 Rc6 16. Nxe7+ Qxe7 17. Bg5 Qe6 18. Qa4 h6 19. Bf4 Qg4 20. h3 Qf5 21. Qxa7 Ba8 22. Rfd1 Nf6 23. Bd6 Rd8 24. Bc7 Re8 25. Bb8 Rcc8 26. Qxa8 Rxb8 27. Qa7 Qc2 28. Rd2 Qe4 29. Rad1 Qc6 30. Ne5 Qb7 31. Qxb7 Rxb7 32. Nc4 Ne4 33. Rd8 Rxd8 34. Rxd8+ Kh7 35. f3 Nf6 36. a3 Rd7 37. Rb8 Nd5 38. Nxb6 Nxb6 39. Rxb6 Rd3 40. Kf2 Rd2+ 41. Kf1 Rd3 42. Ke2 c4 43. Rb4 1-0

[Event "EYCC Girls U10 2018"]
[Site "Riga"]
[Date "2018.08.20"]
[Round "1"]
[White "Zhapova, Yana"]
[Black "Kulish, Glafira"]
[Result "1-0"]
[ECO "B42"]
[WhiteElo "1733"]
[BlackElo "1222"]
[Annotator "NA"]
[PlyCount "67"]
[EventDate "2018.08.20"]
[EventType "swiss"]
[EventCountry "LAT"]
[SourceTitle "playchess.com"]
[Source "ChessBase"]
[SourceQuality "1"]
[TimeControl "40/5400+30:1800+30"]

1. e4 c5 2. Nf3 e6 3. d4 cxd4 4. Nxd4 a6 5. Bd3 Qc7 6. O-O Nf6 7. Qe2 Nc6 8. Nxc6 dxc6 9. c4 e5 10. Nc3 Bc5 11. Be3 Qd6 12. Rad1 Bxe3 13. Qxe3 Ng4 14. Qg3 h5 15. Be2 Qf6 16. h3 h4 17. Qd3 Nh6 18. f4 O-O 19. Qd6 Qxd6 20. Rxd6 f6 21. c5 Nf7 22. Bc4 Kh7 23. Bxf7 Rxf7 24. fxe5 f5 25. e6 Re7 26. exf5 Rb8 27. Na4 Kg8 28. Rd8+ Kh7 29. Nb6 Rc7 30. f6 gxf6 31. Rxf6 Kg7 32. Rf7+ Rxf7 33. exf7 Kxf7 34. Rxc8 1-0

[Event "EYCC Girls U10 2018"]
[Site "Riga"]
[Date "2018.08.20"]
[Round "1"]
[White "Svergina, Sofya"]
[Black "Gaszka, Zuzanna"]
[Result "1-0"]
[ECO "E73"]
[WhiteElo "1657"]
[BlackElo "1183"]
[Annotator "NA"]
[PlyCount "53"]
[EventDate "2018.08.20"]
[EventType "swiss"]
[EventCountry "LAT"]
[SourceTitle "playchess.com"]
[Source "ChessBase"]
[SourceQuality "1"]
[TimeControl "40/5400+30:1800+30"]

1. d4 Nf6 2. c4 g6 3. Nc3 Bg7 4. e4 d6 5. Be2 O-O 6. Be3 a6 7. Nf3 e5 8. d5 Nbd7 9. h3 Ne8 10. g4 Nef6 11. Nd2 Re8 12. h4 h6 13. Nb3 Qe7 14. g5 hxg5 15. Bxg5 Qf8 16. Qd2 a5 17. O-O-O a4 18. Na1 Nc5 19. Bxf6 Bxf6 20. h5 Qe7 21. Rdg1 Kg7 22. hxg6 Bg5 23. Rxg5 f6 24. Rh7+ Kg8 25. Rgh5 Qf8 26. Rh8+ Kg7 27. Qh6# 1-0

[Event "EYCC Girls U10 2018"]
[Site "Riga"]
[Date "2018.08.20"]
[Round "1"]
[White "Valeine, Ieva"]
[Black "Gryga, Daryna"]
[Result "0-1"]
[ECO "E10"]
[WhiteElo "1233"]
[BlackElo "1756"]
[Annotator "NA"]
[PlyCount "98"]
[EventDate "2018.08.20"]
[EventType "swiss"]
[EventCountry "LAT"]
[SourceTitle "playchess.com"]
[Source "ChessBase"]
[SourceQuality "1"]
[TimeControl "40/5400+30:1800+30"]

1. d4 Nf6 2. c4 e6 3. Nf3 c5 4. g3 b6 5. Bg2 Bb7 6. O-O Be7 7. Nc3 O-O 8. Bg5 h6 9. Bf4 cxd4 10. Nxd4 Bxg2 11. Kxg2 Nc6 12. Nxc6 dxc6 13. Qa4 Qc8 14. Rad1 Qb7 15. Kg1 Rfd8 16. a3 Rac8 17. b4 Kh8 18. e4 c5 19. e5 Nd7 20. bxc5 Nxc5 21. Qc2 Nd7 22. Nb5 a6 23. Nd6 Bxd6 24. exd6 b5 25. Rb1 Qc6 26. Rfc1 e5 27. Be3 Qxd6 28. c5 Qc6 29. Qf5 Kg8 30. Rb2 Qb7 31. Rbc2 Rc6 32. f4 exf4 33. Bxf4 Nf6 34. Bd6 Qa7 35. Re1 Rcxd6 36. Kf1 Rd5 37. Qf2 Rc8 38. c6 Qxf2+ 39. Kxf2 Rd6 40. c7 Rd7 41. Rc6 Rdxc7 42. Rxa6 Rc2+ 43. Kg1 Rc1 44. Rxc1 Rxc1+ 45. Kg2 Rc2+ 46. Kh3 Ra2 47. Rb6 Rxa3 48. Rxb5 g5 49. Rb6 Kg7 0-1

[Event "EYCC Girls U10 2018"]
[Site "Riga"]
[Date "2018.08.20"]
[Round "1"]
[White "Cammalleri, Elena"]
[Black "Vlasova, Olesia"]
[Result "0-1"]
[ECO "A48"]
[WhiteElo "1202"]
[BlackElo "1693"]
[Annotator "NA"]
[PlyCount "174"]
[EventDate "2018.08.20"]
[EventType "swiss"]
[EventCountry "LAT"]
[SourceTitle "playchess.com"]
[Source "ChessBase"]
[SourceQuality "1"]
[TimeControl "40/5400+30:1800+30"]

1. d4 Nf6 2. Nf3 g6 3. Nbd2 d5 4. e3 Bg7 5. Bd3 O-O 6. O-O b6 7. b3 Ba6 8. Bxa6 Nxa6 9. Bb2 Qd6 10. Ne5 c6 11. f4 Rac8 12. Rc1 Rfd8 13. Qe2 Nb8 14. c4 c5 15. Ba3 e6 16. Rfd1 Nbd7 17. cxd5 exd5 18. Nxd7 Rxd7 19. dxc5 bxc5 20. b4 Re8 21. bxc5 Qxf4 22. exf4 Rxe2 23. c6 Rc7 24. Bd6 Rc8 25. c7 Ne8 26. Bc5 Rxc7 27. Kf1 Re6 28. Bf2 Rxc1 29. Rxc1 d4 30. Re1 Rxe1+ 31. Kxe1 Nd6 32. Ke2 Kf8 33. Kd3 Nb5 34. Kc4 Nc3 35. a3 Ke7 36. Bxd4 Bxd4 37. Kxd4 Nb5+ 38. Kc5 Nxa3 39. Kb4 Nc2+ 40. Ka5 Ne3 41. g3 Ng4 42. Nf1 Ke6 43. Ka6 Kf5 44. Kxa7 Ke4 45. h3 Nf2 46. Nd2+ Kf5 47. h4 Kg4 48. Nf1 Kf3 49. Kb6 Kg2 50. Nd2 Kxg3 51. Kc5 Kxf4 52. Kd4 f5 53. Nf1 Ng4 54. Kd3 Kf3 55. Nd2+ Kg2 56. Ke2 Kg3 57. Nf3 Nh2 58. Ng5 f4 59. Ne4+ Kg2 60. Ke1 f3 61. Nf2 h5 62. Nd3 Ng4 63. Nf4+ Kg3 64. Nd3 f2+ 65. Nxf2 Nxf2 66. Kf1 Ne4 67. Kg1 Kxh4 68. Kh2 g5 69. Kg2 Kg4 70. Kg1 Kh3 71. Kh1 Nf2+ 72. Kg1 Kg3 73. Kf1 Kh2 74. Kxf2 g4 75. Kf1 g3 76. Ke2 g2 77. Ke3 g1=Q+ 78. Ke4 Qf2 79. Kd5 Kg3 80. Ke5 h4 81. Ke6 h3 82. Ke5 h2 83. Ke6 h1=Q 84. Kd6 Qd4+ 85. Ke6 Qc6+ 86. Kf7 Qdd7+ 87. Kf8 Qa8# 0-1

[Event "EYCC Girls U10 2018"]
[Site "Riga"]
[Date "2018.08.21"]
[Round "2"]
[White "Gryga, Daryna"]
[Black "Vojinovic, Anastasija"]
[Result "1/2-1/2"]
[ECO "C50"]
[WhiteElo "1756"]
[BlackElo "1304"]
[Annotator "NA RC"]
[PlyCount "68"]
[EventDate "2018.08.20"]
[EventType "swiss"]
[EventCountry "LAT"]
[SourceTitle "playchess.com"]
[Source "ChessBase"]
[SourceQuality "1"]
[TimeControl "40/5400+30:1800+30"]

1. e4 e5 2. Nf3 Nc6 3. Bc4 Bc5 4. O-O Nf6 5. Nc3 d6 6. h3 Be6 7. Bxe6 fxe6 8. d3 a6 9. Re1 O-O 10. Be3 Nd4 11. Bxd4 Bxd4 12. Qd2 Nh5 13. Nxd4 exd4 14. Ne2 e5 15. c3 dxc3 16. bxc3 Nf4 17. Nxf4 Rxf4 18. d4 Qe7 19. Qc2 Raf8 20. Re2 Qg5 21. Kh2 Qf6 22. Rf1 Rf7 23. Qd2 Qe6 24. Qc2 Qf6 25. Qb2 b6 26. Qd2 Qe6 27. Qd3 a5 28. Qa6 h6 29. Qd3 Qf6 30. Qe3 Qe6 31. Rd1 g5 32. Rdd2 Qf6 33. Qg3 Rf8 34. Kg1 Rf7 1/2-1/2

[Event "EYCC Girls U10 2018"]
[Site "Riga"]
[Date "2018.08.21"]
[Round "2"]
[White "Vlasova, Olesia"]
[Black "Rahimova, Aysel"]
[Result "0-1"]
[ECO "B27"]
[WhiteElo "1693"]
[BlackElo "1303"]
[Annotator "NA RC"]
[PlyCount "133"]
[EventDate "2018.08.20"]
[EventType "swiss"]
[EventCountry "LAT"]
[SourceTitle "playchess.com"]
[Source "ChessBase"]
[SourceQuality "1"]
[TimeControl "40/5400+30:1800+30"]

1. e4 c5 2. Nf3 g6 3. d4 cxd4 4. Qxd4 Nf6 5. e5 Nc6 6. Qa4 Nd5 7. Qe4 Nb6 8. Nc3 Bg7 9. Be2 O-O 10. Bf4 f6 11. exf6 Rxf6 12. O-O-O d6 13. a3 Bf5 14. Qe3 Re6 15. Qd2 Bxc3 16. bxc3 Qc7 17. h4 Na5 18. Nd4 Qc5 19. Nb5 a6 20. Be3 Rxe3 21. Qxe3 Qxe3+ 22. fxe3 axb5 23. Bxb5 Nbc4 24. Rde1 Nxa3 25. Bd3 Bxd3 26. cxd3 Nb5 27. Kb2 Nc6 28. c4 Ne5 29. Kc2 Nc7 30. Ra1 Rxa1 31. Rxa1 Na6 32. Rb1 Kf7 33. Kc3 Nc5 34. d4 Ne4+ 35. Kb4 Nc6+ 36. Ka3 Na5 37. Rc1 Nd2 38. c5 d5 39. Kb4 Nac4 40. Rc2 Ke6 41. Ra2 Nf1 42. e4 Nfe3 43. e5 Kd7 44. Rf2 Nf5 45. Kc3 Nce3 46. Kd2 Nc4+ 47. Kd3 Nxh4 48. g4 Ke6 49. Ke2 g5 50. Rh2 Na5 51. Rh1 Nb3 52. Ke3 Na5 53. Kf2 Nc4 54. Rh2 Nd2 55. Ke2 Ndf3 56. Rh1 Nxd4+ 57. Kd3 Ndf3 58. Rb1 Nxe5+ 59. Ke2 Nxg4 60. Rxb7 Ne5 61. Rb6+ Kd7 62. Rh6 d4 63. Rxh7 d3+ 64. Kd1 Nhf3 65. Rh3 g4 66. Rg3 Nc4 67. Rxg4 0-1

[Event "EYCC Girls U10 2018"]
[Site "Riga"]
[Date "2018.08.21"]
[Round "2"]
[White "Efimova, Darya"]
[Black "Shvedova, Alexandra"]
[Result "0-1"]
[ECO "C44"]
[WhiteElo "1316"]
[BlackElo "1758"]
[Annotator "NA RC"]
[PlyCount "68"]
[EventDate "2018.08.20"]
[EventType "swiss"]
[EventCountry "LAT"]
[SourceTitle "playchess.com"]
[Source "ChessBase"]
[SourceQuality "1"]
[TimeControl "40/5400+30:1800+30"]

1. e4 e5 2. Nf3 Nc6 3. d4 exd4 4. Bc4 Bc5 5. Ng5 Nh6 6. Nxf7 Nxf7 7. Bxf7+ Kxf7 8. Qh5+ g6 9. Qxc5 d5 10. O-O dxe4 11. Bf4 Qe7 12. Qb5 Kg7 13. c3 d3 14. Nd2 a6 15. Qb3 Rf8 16. Bg3 e3 17. Rfe1 e2 18. c4 Qd8 19. Rac1 Rb8 20. Qc3+ Kg8 21. b4 Bf5 22. b5 Nd4 23. b6 c5 24. Be5 Rc8 25. Qb2 Nc2 26. Bg7 Rf7 27. Bh6 Nxe1 28. Rxe1 Rc6 29. h3 g5 30. g4 Bc8 31. Qe5 Rxh6 32. Qxc5 Rxh3 33. Kg2 Bxg4 34. f3 Bf5 0-1

[Event "EYCC Girls U10 2018"]
[Site "Riga"]
[Date "2018.08.21"]
[Round "2"]
[White "Ciarletta, Iris"]
[Black "Zhapova, Yana"]
[Result "0-1"]
[ECO "B15"]
[WhiteElo "1303"]
[BlackElo "1733"]
[Annotator "NA RC"]
[PlyCount "130"]
[EventDate "2018.08.20"]
[EventType "swiss"]
[EventCountry "LAT"]
[SourceTitle "playchess.com"]
[Source "ChessBase"]
[SourceQuality "1"]
[TimeControl "40/5400+30:1800+30"]

1. e4 c6 2. d4 d5 3. Nc3 dxe4 4. Nxe4 Nf6 5. Nxf6+ exf6 6. c3 Bd6 7. Bd3 O-O 8. Qc2 h6 9. Ne2 Qc7 10. g3 Re8 11. Be3 Be6 12. c4 Qa5+ 13. Bd2 Bb4 14. Bxb4 Qxb4+ 15. Qc3 a5 16. O-O Nd7 17. Rfe1 Nb6 18. b3 Bg4 19. Qc2 Qe7 20. c5 Nd5 21. Qd2 Qd7 22. Nf4 Be6 23. Nxe6 fxe6 24. Bg6 Red8 25. Rad1 Nc7 26. Re3 Nb5 27. Qd3 Nxd4 28. Kg2 Qd5+ 29. Qe4 Qxe4+ 30. Rxe4 e5 31. f4 Rd5 32. fxe5 fxe5 33. Rde1 Rf8 34. Bh5 Rxc5 35. Rxe5 Rc2+ 36. Kh3 Rxa2 37. R1e4 Nf5 38. Re8 Nd6 39. Rxf8+ Kxf8 40. Re6 Nf7 41. Re3 Rf2 42. Rd3 Rf5 43. Bg4 Rd5 44. Rxd5 cxd5 45. Kg2 Ne5 46. Bc8 b5 47. Be6 d4 48. Kf2 Ke7 49. Bd5 Kd6 50. Be4 Kc5 51. Ke2 Kb4 52. Bd5 Kc3 53. Kd1 d3 54. h3 a4 55. bxa4 bxa4 56. g4 Nc4 57. Kc1 d2+ 58. Kd1 Nb2+ 59. Ke2 d1=Q+ 60. Kf2 Qxd5 61. Kg3 g5 62. Kh2 Qf3 63. h4 Nd1 64. Kg1 Ne3 65. Kh2 Qg2# 0-1

[Event "EYCC Girls U10 2018"]
[Site "Riga"]
[Date "2018.08.21"]
[Round "2"]
[White "Gorcuk, Ozgu"]
[Black "Svergina, Sofya"]
[Result "0-1"]
[ECO "D02"]
[WhiteElo "1299"]
[BlackElo "1657"]
[Annotator "NA RC"]
[PlyCount "122"]
[EventDate "2018.08.20"]
[EventType "swiss"]
[EventCountry "LAT"]
[SourceTitle "playchess.com"]
[Source "ChessBase"]
[SourceQuality "1"]
[TimeControl "40/5400+30:1800+30"]

1. d4 Nf6 2. Nf3 d5 3. Bf4 c5 4. e3 Nc6 5. c3 e6 6. Nbd2 Bd6 7. Bg3 O-O 8. Bd3 b6 9. Qe2 Be7 10. e4 cxd4 11. cxd4 Re8 12. Bb5 Bb7 13. Rc1 Rc8 14. Ne5 Nxd4 15. Rxc8 Qxc8 16. Qd1 Nxb5 17. O-O dxe4 18. Re1 Rd8 19. Qe2 Nd4 20. Qc4 Qxc4 21. Ndxc4 Ne2+ 22. Kf1 Nxg3+ 23. fxg3 Ba6 24. Kg1 Bxc4 25. Nxc4 Bc5+ 26. Kf1 Rd4 27. Rc1 g6 28. Ke2 Nd7 29. a3 a5 30. Nd2 Ne5 31. Nb3 Rd5 32. Nd2 Rd4 33. Nb3 Rc4 34. Kd2 Rxc1 35. Nxc1 Ng4 36. h3 Be3+ 37. Kc2 Bxc1 38. Kxc1 Ne3 39. Kd2 Nc4+ 40. Kc3 e3 41. Kd3 Nxb2+ 42. Kxe3 Nc4+ 43. Kd3 Nxa3 44. Kc3 Nb5+ 45. Kb3 Nd6 46. Kc3 b5 47. Kb3 f5 48. h4 e5 49. Kc3 e4 50. Kd4 b4 51. Kd5 e3 52. Kxd6 e2 53. Kd5 b3 54. Kd4 b2 55. Kc5 e1=Q 56. Kd5 b1=Q 57. Kc4 Qd2 58. Kc5 Qbc1+ 59. Kb5 Qdb2+ 60. Ka6 Qc8+ 61. Ka7 Qbb7# 0-1

[Event "EYCC Girls U10 2018"]
[Site "Riga"]
[Date "2018.08.22"]
[Round "3"]
[White "Shvedova, Alexandra"]
[Black "Zavivaeva, Evelina"]
[Result "1-0"]
[ECO "C03"]
[WhiteElo "1758"]
[BlackElo "1389"]
[Annotator "NA"]
[PlyCount "79"]
[EventDate "2018.08.20"]
[EventType "swiss"]
[EventCountry "LAT"]
[SourceTitle "playchess.com"]
[Source "ChessBase"]
[SourceQuality "1"]
[TimeControl "40/5400+30:1800+30"]

1. e4 e6 2. d4 d5 3. Nd2 Be7 4. Bd3 c5 5. c3 Nc6 6. Ne2 Nf6 7. e5 Nd7 8. O-O b6 9. f4 g6 10. Nf3 c4 11. Bc2 b5 12. Bd2 a5 13. g4 Nf8 14. Ng3 Qb6 15. f5 gxf5 16. gxf5 exf5 17. Bxf5 Bxf5 18. Nxf5 Rg8+ 19. Kh1 O-O-O 20. Nxe7+ Nxe7 21. Ng5 Qg6 22. Qe2 Nd7 23. Nxf7 Rdf8 24. Nd6+ Kb8 25. Nxb5 Nf5 26. Bf4 Kb7 27. e6 Re8 28. Nc7 Rc8 29. exd7 Rxc7 30. Bxc7 Kxc7 31. Rg1 Qf7 32. Rxg8 Qxg8 33. Qe8 Qg5 34. Qc8+ Kb6 35. d8=Q+ Qxd8 36. Qxd8+ Kc6 37. Re1 a4 38. Re6+ Nd6 39. Rxd6+ Kb7 40. Qb6+ 1-0

[Event "EYCC Girls U10 2018"]
[Site "Riga"]
[Date "2018.08.22"]
[Round "3"]
[White "Zhapova, Yana"]
[Black "Mikhailina, Olga"]
[Result "1/2-1/2"]
[ECO "C68"]
[WhiteElo "1733"]
[BlackElo "1373"]
[Annotator "NA"]
[PlyCount "83"]
[EventDate "2018.08.20"]
[EventType "swiss"]
[EventCountry "LAT"]
[SourceTitle "playchess.com"]
[Source "ChessBase"]
[SourceQuality "1"]
[TimeControl "40/5400+30:1800+30"]

1. e4 e5 2. Nf3 Nc6 3. Bb5 a6 4. Bxc6 dxc6 5. Nc3 f6 6. d4 exd4 7. Qxd4 Qxd4 8. Nxd4 Bd7 9. Be3 O-O-O 10. O-O-O Ne7 11. f3 Ng6 12. Nde2 Bd6 13. Na4 Kb8 14. Nc5 Rhe8 15. Nxd7+ Rxd7 16. Nd4 Ne5 17. c3 g6 18. Bf2 c5 19. Nc2 c4 20. Bd4 Nd3+ 21. Kb1 f5 22. exf5 gxf5 23. Ne1 Nf4 24. g3 Ne2 25. Nc2 Rde7 26. Rhe1 Nxd4 27. Rxe7 Rxe7 28. Nxd4 f4 29. g4 Re8 30. Kc2 c5 31. Nf5 Bc7 32. h4 Re2+ 33. Rd2 Re1 34. Rf2 Rg1 35. h5 Kc8 36. Nh4 Bd8 37. Ng2 Bg5 38. b3 b5 39. bxc4 bxc4 40. Kb2 Kb7 41. Kc2 Kb6 42. Kb2 1/2-1/2

[Event "EYCC Girls U10 2018"]
[Site "Riga"]
[Date "2018.08.22"]
[Round "3"]
[White "Svergina, Sofya"]
[Black "Chaban, Roxolana"]
[Result "1-0"]
[ECO "B27"]
[WhiteElo "1657"]
[BlackElo "1327"]
[Annotator "NA"]
[PlyCount "85"]
[EventDate "2018.08.20"]
[EventType "swiss"]
[EventCountry "LAT"]
[SourceTitle "playchess.com"]
[Source "ChessBase"]
[SourceQuality "1"]
[TimeControl "40/5400+30:1800+30"]

1. e4 c5 2. Nf3 g6 3. d4 cxd4 4. Qxd4 Nf6 5. Nc3 Nc6 6. Qa4 d6 7. e5 dxe5 8. Nxe5 Bd7 9. Nxd7 Qxd7 10. Be3 Bg7 11. Rd1 Qc8 12. Be2 O-O 13. O-O Rd8 14. Rxd8+ Nxd8 15. Rd1 Ne6 16. Bf3 Nc5 17. Qb5 Nfd7 18. Nd5 Bf6 19. Nxf6+ exf6 20. Bxc5 Nxc5 21. b4 a6 22. Qxc5 Qxc5 23. bxc5 Rc8 24. Rd5 Re8 25. Kf1 Kg7 26. c4 f5 27. c6 bxc6 28. Rd6 c5 29. Rxa6 h5 30. Ra5 Rc8 31. a4 Rc7 32. Rb5 Ra7 33. a5 Rc7 34. Rb7 Rc8 35. Bd5 Kh6 36. Rxf7 Kg5 37. a6 Kf4 38. a7 Ke5 39. Rb7 Kd4 40. Rb8 Rc7 41. a8=Q Kd3 42. Qa3+ Kd4 43. Qe3# 1-0

[Event "EYCC Girls U10 2018"]
[Site "Riga"]
[Date "2018.08.22"]
[Round "3"]
[White "Shukhman, Anna"]
[Black "Rahimova, Aysel"]
[Result "1-0"]
[ECO "B27"]
[WhiteElo "1577"]
[BlackElo "1303"]
[Annotator "NA"]
[PlyCount "127"]
[EventDate "2018.08.20"]
[EventType "swiss"]
[EventCountry "LAT"]
[SourceTitle "playchess.com"]
[Source "ChessBase"]
[SourceQuality "1"]
[TimeControl "40/5400+30:1800+30"]

1. e4 c5 2. Nf3 g6 3. c3 d6 4. d4 cxd4 5. cxd4 Bg7 6. Nc3 Nc6 7. Bb5 Bd7 8. O-O a6 9. Bc4 Bg4 10. Bxf7+ Kf8 11. Bxg8 Bxf3 12. Qxf3+ Kxg8 13. d5 Nd4 14. Qd1 Qd7 15. Be3 Nb5 16. Na4 Rf8 17. Nb6 Qe8 18. a4 Nc7 19. Bd4 Qf7 20. Rc1 Na8 21. Bxg7 Qxg7 22. Qb3 Qd4 23. Nxa8 Rxa8 24. Qxb7 Kf7 25. Qd7 Qf6 26. Rc2 Rab8 27. Qh3 Rb4 28. Rc3 Rxe4 29. Rf3 Rf4 30. Qe6+ Kf8 31. Rxf4 Qxf4 32. Qc8+ Kg7 33. Qxa6 Qb4 34. Qe2 Re8 35. Qc2 Qb7 36. Qc6 Qb8 37. Re1 Qb4 38. Qc3+ Qxc3 39. bxc3 Kf6 40. Ra1 Ke5 41. f3 Kxd5 42. Kf2 Kc4 43. Ra3 e5 44. a5 Ra8 45. Ke3 Ra6 46. f4 exf4+ 47. Kxf4 Kb5 48. Ke4 Kc4 49. g3 Ra8 50. a6 Ra7 51. Ra4+ Kxc3 52. Kd5 Kb3 53. Ra1 Kb4 54. Kc6 d5 55. Kb6 Rf7 56. a7 Rf6+ 57. Kc7 Rf7+ 58. Kd6 Rf8 59. a8=Q Rxa8 60. Rxa8 d4 61. Ra1 d3 62. Ke5 Kc3 63. Ke4 Kb2 64. Rd1 1-0

[Event "EYCC Girls U10 2018"]
[Site "Riga"]
[Date "2018.08.22"]
[Round "3"]
[White "Helliesen, Lykke Merlot"]
[Black "Mutlu, Ezgi"]
[Result "1-0"]
[ECO "D35"]
[WhiteElo "1482"]
[BlackElo "1271"]
[Annotator "NA"]
[PlyCount "191"]
[EventDate "2018.08.20"]
[EventType "swiss"]
[EventCountry "LAT"]
[SourceTitle "playchess.com"]
[Source "ChessBase"]
[SourceQuality "1"]
[TimeControl "40/5400+30:1800+30"]

1. d4 d5 2. c4 e6 3. Nc3 Nf6 4. cxd5 exd5 5. Bg5 Be7 6. e3 O-O 7. Nf3 h6 8. Bh4 Re8 9. Bd3 Bg4 10. O-O c6 11. h3 Bh5 12. Rc1 Ne4 13. Bxe7 Qxe7 14. Be2 Nd7 15. Nxe4 Qxe4 16. Nd2 Bxe2 17. Qxe2 Qg6 18. Nf3 Nf6 19. Qc2 Qxc2 20. Rxc2 Ne4 21. Nd2 f5 22. Nf3 Rad8 23. Ne5 Ng5 24. b4 Nf7 25. Nd3 Rd6 26. Nc5 Nd8 27. a3 g5 28. g3 Rf6 29. Nd3 Ne6 30. Re1 Kh7 31. Rce2 Rg8 32. Kh2 h5 33. f4 g4 34. h4 Rf7 35. Ne5 Re7 36. Rc2 Nd8 37. Rf1 Rge8 38. Rff2 Kg7 39. Rc5 Nf7 40. b5 cxb5 41. Rxb5 Rd8 42. Rfb2 Nxe5 43. fxe5 b6 44. Rc2 Kf7 45. a4 Re6 46. a5 bxa5 47. Rxa5 Re7 48. Rcc5 Red7 49. Rc6 Rb7 50. Rf6+ Ke7 51. Rxf5 Rc8 52. Ra2 Rc1 53. Rxh5 Rbb1 54. Rxa7+ Ke6 55. Ra6+ Kf7 56. e6+ Ke8 57. Rh8+ Ke7 58. Rh7+ Kf6 59. e7+ Kf5 60. Rf7+ Ke4 61. e8=Q+ Kd3 62. Ra3+ Ke2 63. Rf2+ Kxf2 64. Ra2+ Kf3 65. Qf7+ Ke4 66. Qe6+ Kd3 67. Qf5+ Kc3 68. Qc8+ Kb3 69. Qa6 Kc3 70. Qa3+ Kc4 71. Qa4+ Kd3 72. Ra3+ Ke4 73. Qe8+ Kf3 74. Qf7+ Ke2 75. Ra2+ Kd3 76. Qg6+ Kc3 77. Qc6+ Kd3 78. Qg6+ Kc3 79. Qxg4 Rh1+ 80. Kg2 Rhg1+ 81. Kf3 Rb8 82. Qg7 Rbb1 83. Qc7+ Kb3 84. Qc2+ Kb4 85. Rb2+ Rxb2 86. Qxb2+ Ka5 87. h5 Ka6 88. h6 Ka7 89. h7 Rf1+ 90. Kg2 Rf8 91. Qa3+ Kb7 92. Qxf8 Ka7 93. Qb4 Ka6 94. h8=Q Ka7 95. Qhb8+ Ka6 96. Q8b6# 1-0

[Event "EYCC Girls U10 2018"]
[Site "Riga"]
[Date "2018.08.23"]
[Round "4"]
[White "Helliesen, Lykke Merlot"]
[Black "Shvedova, Alexandra"]
[Result "0-1"]
[ECO "D31"]
[WhiteElo "1482"]
[BlackElo "1758"]
[Annotator "NA RC"]
[PlyCount "80"]
[EventDate "2018.08.20"]
[EventType "swiss"]
[EventCountry "LAT"]
[SourceTitle "playchess.com"]
[Source "ChessBase"]
[SourceQuality "1"]
[TimeControl "40/5400+30:1800+30"]

1. d4 d5 2. c4 e6 3. Nc3 Be7 4. cxd5 exd5 5. Bf4 c6 6. e3 Nf6 7. Bd3 Bg4 8. Nf3 Bh5 9. O-O O-O 10. Re1 Nbd7 11. h3 Re8 12. a3 Nf8 13. Rc1 Ne6 14. Bh2 Ng5 15. Be2 Nxf3+ 16. Bxf3 Bg6 17. Qb3 Qb6 18. Qxb6 axb6 19. Ne2 b5 20. Red1 h6 21. Rc3 Nd7 22. Nc1 Nb6 23. Be2 Na4 24. Na2 Nxc3 25. Nxc3 b4 26. axb4 Bxb4 27. Bf4 Bxc3 28. bxc3 Ra2 29. Bg4 Rea8 30. Kh2 Rxf2 31. Rc1 Raa2 32. Bf3 Rxf3 33. Rg1 Rff2 34. Bg3 Rfe2 35. Bf4 Be4 36. Kg3 Rxg2+ 37. Rxg2 Rxg2+ 38. Kh4 g5+ 39. Bxg5 hxg5+ 40. Kh5 Kg7 0-1

[Event "EYCC Girls U10 2018"]
[Site "Riga"]
[Date "2018.08.23"]
[Round "4"]
[White "Mutina, Sofia"]
[Black "Zhapova, Yana"]
[Result "1/2-1/2"]
[ECO "D00"]
[WhiteElo "1319"]
[BlackElo "1733"]
[Annotator "NA RC"]
[PlyCount "85"]
[EventDate "2018.08.20"]
[EventType "swiss"]
[EventCountry "LAT"]
[SourceTitle "playchess.com"]
[Source "ChessBase"]
[SourceQuality "1"]
[TimeControl "40/5400+30:1800+30"]

1. d4 d5 2. Bf4 c5 3. e3 cxd4 4. exd4 Nc6 5. c3 Bf5 6. Nd2 e6 7. Ngf3 Nf6 8. Bb5 a6 9. Bxc6+ bxc6 10. Ne5 c5 11. Qa4+ Nd7 12. Ndf3 f6 13. Nxd7 Qxd7 14. Qxd7+ Kxd7 15. O-O g5 16. Be3 c4 17. b4 Bd6 18. a4 h6 19. Rfd1 Kc6 20. Rd2 Bc7 21. g3 Rhe8 22. h4 Be4 23. Ne1 gxh4 24. gxh4 h5 25. f3 Rg8+ 26. Kf1 Bf5 27. Ke2 Rae8 28. Rb2 Bb6 29. Kd2 Kb7 30. Rd1 Bc7 31. Kc1 Bg3 32. Ng2 Kc6 33. Bf4 Bxf4+ 34. Nxf4 Rg3 35. Rf2 Bg6 36. Rh1 Bf7 37. Ne2 Rg7 38. Kd2 Reg8 39. Rhh2 a5 40. b5+ Kb6 41. Ke3 Bg6 42. Nf4 Bf7 43. Ne2 1/2-1/2

[Event "EYCC Girls U10 2018"]
[Site "Riga"]
[Date "2018.08.23"]
[Round "4"]
[White "Guid, Taja"]
[Black "Svergina, Sofya"]
[Result "0-1"]
[ECO "A15"]
[WhiteElo "1259"]
[BlackElo "1657"]
[Annotator "NA RC"]
[PlyCount "58"]
[EventDate "2018.08.20"]
[EventType "swiss"]
[EventCountry "LAT"]
[SourceTitle "playchess.com"]
[Source "ChessBase"]
[SourceQuality "1"]
[TimeControl "40/5400+30:1800+30"]

1. c4 Nf6 2. g3 e6 3. Bg2 d5 4. Nf3 Be7 5. b3 b6 6. Bb2 Bb7 7. O-O O-O 8. e3 c5 9. Nc3 Nc6 10. d4 Rc8 11. Rc1 cxd4 12. exd4 dxc4 13. bxc4 Na5 14. Ne5 Bxg2 15. Kxg2 Nxc4 16. Nxc4 Rxc4 17. Ne2 Rxc1 18. Nxc1 Qd5+ 19. Kg1 Rc8 20. Qa4 Qa5 21. Qxa5 bxa5 22. Nb3 a4 23. Rc1 Rb8 24. Rc7 Nd5 25. Rxa7 axb3 26. axb3 g6 27. Bc1 Kg7 28. Bf4 Nxf4 29. gxf4 Bf6 0-1

[Event "EYCC Girls U10 2018"]
[Site "Riga"]
[Date "2018.08.24"]
[Round "5"]
[White "Shvedova, Alexandra"]
[Black "Svergina, Sofya"]
[Result "1-0"]
[ECO "C07"]
[WhiteElo "1758"]
[BlackElo "1657"]
[Annotator "NA"]
[PlyCount "99"]
[EventDate "2018.08.20"]
[EventType "swiss"]
[EventCountry "LAT"]
[SourceTitle "playchess.com"]
[Source "ChessBase"]
[SourceQuality "1"]
[TimeControl "40/5400+30:1800+30"]

1. e4 e6 2. d4 d5 3. Nd2 c5 4. exd5 Qxd5 5. Ngf3 cxd4 6. Bc4 Qd6 7. O-O Nf6 8. Nb3 Nc6 9. Nbxd4 Nxd4 10. Nxd4 a6 11. a4 Qc7 12. Qe2 Bd6 13. Bg5 O-O 14. Kh1 Bd7 15. Bxf6 gxf6 16. Bd3 f5 17. Rfe1 Qd8 18. Qh5 Qf6 19. c3 Qg6 20. Qf3 Rab8 21. Bc2 Qg4 22. Rad1 Bc5 23. b4 Ba7 24. Nxf5 Qxf3 25. gxf3 Bc6 26. Ne7+ Kg7 27. Nxc6 bxc6 28. Kg2 Rbd8 29. Bd3 Ra8 30. Be4 Rac8 31. Rd6 c5 32. Rxa6 Bb8 33. b5 Be5 34. Rc1 Rfd8 35. a5 Rd6 36. Rxd6 Bxd6 37. b6 Rb8 38. b7 Bc7 39. Ra1 f5 40. Bc6 Rg8 41. a6 Kf6+ 42. Kh1 Bb6 43. a7 Bxa7 44. Rxa7 Rb8 45. Ra8 Rxa8 46. bxa8=Q Ke5 47. Qb8+ Kf6 48. f4 Kg7 49. Qe8 Kf6 50. Qf8+ 1-0

[Event "EYCC Girls U10 2018"]
[Site "Riga"]
[Date "2018.08.24"]
[Round "5"]
[White "Zhapova, Yana"]
[Black "Guid, Taja"]
[Result "1-0"]
[ECO "B33"]
[WhiteElo "1733"]
[BlackElo "1259"]
[Annotator "NA"]
[PlyCount "71"]
[EventDate "2018.08.20"]
[EventType "swiss"]
[EventCountry "LAT"]
[SourceTitle "playchess.com"]
[Source "ChessBase"]
[SourceQuality "1"]
[TimeControl "40/5400+30:1800+30"]

1. e4 c5 2. Nf3 Nc6 3. d4 cxd4 4. Nxd4 Nf6 5. Nc3 e5 6. Ndb5 d6 7. Bg5 a6 8. Na3 b5 9. Nd5 Be7 10. Bxf6 Bxf6 11. c4 bxc4 12. Nxc4 Nd4 13. Bd3 O-O 14. O-O Bg5 15. f4 Bf6 16. Qh5 Re8 17. fxe5 dxe5 18. Nce3 Qd6 19. Bc4 Re6 20. Nxf6+ Rxf6 21. Bxf7+ Kh8 22. Rxf6 Qxf6 23. Rf1 Qe7 24. Bg6 h6 25. Qxe5 Ne6 26. Nf5 Qc5+ 27. Qxc5 Nxc5 28. Nd6 Be6 29. Ne8 Bg8 30. e5 Ne6 31. Nd6 Ng5 32. h4 Nh7 33. Nf7+ Bxf7 34. Bxf7 Rb8 35. b3 g5 36. e6 1-0